 Dungeon Crawl Stone Soup version 0.29-a0-1023-g6ae1a4a2c7 (webtiles) character file.

Game seed: 18345132751139360804

63 Newt the Chopper (level 3, -3/25 (28) HPs)
             Began as a Draconian Artificer on Aug 11, 2022.
             Slain by a water moccasin (5 damage)
             ... on level 6 of the Dungeon.
             The game lasted 00:03:16 (2410 turns).

Newt the Chopper (Draconian Artificer)              Turns: 2410, Time: 00:03:16

HP:   -3/25 (28)    AC:  5    Str: 16    XL:     3   Next: 87%
MP:   3/3           EV: 12    Int: 11    God:
Gold: 75            SH:  0    Dex: 11    Spells: 2/2 levels left

rFire   . . .      SeeInvis .   i - +3 hand axe
rCold   . . .      Faith    .   (no shield)
rNeg    . . .      Spirit   .   (body armour unavailable)
rPois   .          Reflect  .   (helmet restricted)
rElec   .          Harm     .   (no cloak)
rCorr   .          Rampage  .   (no gloves)
Will    .....                   (no boots)
Stlth   +.........              (no amulet)
HPRegen 0.08/turn               (no ring)
MPRegen 0.08/turn               (no ring)

@: confused, flying, heavily drained
A: AC +5, unfitting armour, cold-blooded
a: no special abilities


You were on level 6 of the Dungeon.
You visited 1 branch of the dungeon, and saw 5 of its levels.

You collected 75 gold pieces.

Inventory:

Hand Weapons
 a - a +0 club
 i - a +3 hand axe (weapon)
Wands
 b - a wand of flame (8) (quivered)
 c - a wand of charming (15)
 d - a wand of iceblast (9)
 h - a wand of polymorph (9)
Potions
 e - a potion of degeneration
 f - a potion of brilliance
 j - a potion of haste {unknown}
 k - a potion of lignification {unknown}


   Skills:
 - Level 1.1 Fighting
 * Level 3.6 Axes
 - Level 2.1 Dodging
 - Level 0.8 Stealth
 - Level 3.0 Evocations


You had 2 spell levels left.
You didn't know any spells.
Your spell library contained the following spells:

 Spells                   Type           Power      Damage    Failure   Level
 Passwall                 Tmut/Erth      0%         N/A       47%         2
 Ozocubu's Armour         Ice            0%         N/A       71%         3
 Irradiate                Conj/Tmut      0%         3d11      100%        5
 Metabolic Englaciation   Hex/Ice        0%         N/A       100%        5
 Yara's Violent Unravell  Hex/Tmut       0%         3d3       100%        5
 Simulacrum               Ice/Necr       0%         N/A       100%        6
 Necromutation            Tmut/Necr      0%         N/A       100%        8


Dungeon Overview and Level Annotations

Branches:
Dungeon (4/15)
 Temple: D:4-7

Altars:


Innate Abilities, Weirdness & Mutations

Your plain brown scales are hard. (AC +5)
You cannot fit into any form of body armour.
You are cold-blooded and may be slowed by cold attacks.


Message History

The orc wizard shouts!
You hear a shout!
The orc wizard gestures at you while chanting.
You are confused.
An orc wizard is nearby!
You're too confused to move!
The orc wizard casts a spell.
The orc wizard flickers and vanishes!
Deactivating autopickup; reactivate with Ctrl-A.
An orc comes into view. It is wielding a +0 club.
The orc shouts!
A magic dart appears from out of thin air!
The magic dart hits you!
A magic dart appears from out of thin air!
The magic dart hits you.
You're too confused to move!
You feel less confused. Something hits you but does no damage.
Something hits you but does no damage. Something hits you.
Something hits you but does no damage.
A water moccasin, a yak and a black bear come into view.
The black bear growls angrily.
A wight comes into view. It is wielding a +0 flail.
The yak bellows!
You hear some strange, mumbled words.
A puff of flame appears from out of thin air!
The puff of flame hits you!
* * * LOW HITPOINT WARNING * * *
You hear some strange, mumbled words.
You are confused.
You bump into the rock wall.
Unknown command.
You're too confused to move!
Unknown command.
You are too confused!
Unknown command.
You are too confused!
It was a potion of flight.
You feel very buoyant.
You fly up into the air.
The water moccasin bites you.
You die...

#.##### ...#
#.....# ... #####.#
..# #.# ..# #.# #.#
#.# #.# #.# # #.#
##.# #. #@# #..#
#..##S# #.##.#
#....###### #.##.#
#...##o.....#
#.##.#
#.z.S..#..###.#
#.##.#
#.Y.........#.#
#.##.#
#h..#..#....#.#
#.##.# .+
#..##......###.##.#
#.. #..........##.#


You could see a water moccasin and an orc.

Vanquished Creatures
  An adder (D:3)
  3 dart slugs
  2 orcs (D:3)
  3 ball pythons
  4 endoplasms
  5 giant cockroaches
  2 goblins
  8 hobgoblins
  2 kobolds
  2 quokkas
  5 bats
  A frilled lizard (D:2)
  2 rats
40 creatures vanquished.

Notes
Turn   | Place    | Note
-------+----------+-------------------------------------------
     0 | D:1      | Newt the Draconian Artificer began the quest for the Orb.
     0 | D:1      | Reached XP level 1. HP: 16/16 MP: 1/1
   289 | D:1      | Reached skill level 1 in Axes
   355 | D:1      | Reached XP level 2. HP: 12/23 MP: 2/2
  1154 | D:1      | Got the Tome of Moulding and Minerals
  1302 | D:2      | Reached XP level 3. HP: 28/28 MP: 3/3
  2357 | D:3      | You fall into a shaft and drop 3 floors!
  2405 | D:6      | Noticed a water moccasin
  2405 | D:6      | Noticed a yak
  2405 | D:6      | Noticed a black bear
  2405 | D:6      | Noticed a wight
  2410 | D:6      | Slain by a water moccasin

Illustrated notes

Levels and vault maps discovered:
D:1:      nicolae_arrival_somewhat_less_tricky_arrival, layout_rooms,
          st_stairs_4
D:2:      layout_rooms
D:3:      layout_rooms
D:4:      layout_rooms, overflow_temple_1_default
D:6:      layout_loops_ring, nrook_mini_vaults,
          minmay_fractal_squares_diagonal_5, uniq_menkaure

Skill      XL: |  1  2  3 |
---------------+----------+-----
Axes           | 1 2 3 |  3.6
Fighting       | |  1.1
Dodging        | |  2.1
Stealth        | |  0.8
Evocations     | |  3.0

Action                   || total
-------------------------++-------
Melee: Club              ||   172
       Tailslap          ||    21
       Punch             ||     1
Evoke: Wand              ||     7
  Use: Scroll            ||     4
       Potion            ||     1
Armor: Skin              ||    88
Dodge: Dodged            ||   158

Table legend: (Time is in decaauts)
 A = Elapsed time spent in this place.
 B = Non-inter-level travel time spent in this place.
 C = Inter-level travel time spent in this place.
 D = Time resting spent in this place.
 E = Time spent auto-exploring this place.
 F = Levels seen in this place.
 G = Mean time per level.
                   A        B        C        D        E       F      G
               +--------+--------+--------+--------+--------+-----+--------+
         Total |   2450 |   2428 |     22 |    270 |   1761 |   5 |  490.0 |
       Dungeon |   2450 |   2428 |     22 |    270 |   1761 |   5 |  490.0 |
               +--------+--------+--------+--------+--------+-----+--------+

Top non-repeatable levels by time:
     D:1: 1183 daAuts
     D:2: 591 daAuts
     D:3: 357 daAuts
     D:4: 264 daAuts
     D:6: 52 daAuts
